 Dungeon Crawl Stone Soup version 0.27-a0-1565-gad902ab807 (webtiles) character file.

Game seed: 6262282299164057574

7 Leszczynek the Chopper (level 2, 2/22 HPs)
             Began as a Human Gladiator on July 16, 2021.
             Quit the game on level 2 of the Dungeon.
             The game lasted 00:01:18 (108 turns).

Leszczynek the Chopper (Human Gladiator)             Turns: 108, Time: 00:01:18

Health: 2/22       AC:  6    Str: 14    XL:     2   Next: 5%
Magic:  2/2        EV: 11    Int:  8    God:
Gold:   44         SH:  0    Dex: 14    Spells: 1/1 levels left

rFire    . . .     SeeInvis .   c - +2 dagger (venom)
rCold    . . .     Faith    .   (no shield)
rNeg     . . .     Spirit   .   f - +0 ring mail
rPois    .         Reflect  .   b - +0 helmet
rElec    .         Harm     .   (no cloak)
rCorr    .         Rampage  .   (no gloves)
Will     .....                  (no boots)
Stlth    +.........             (no amulet)
HPRegen  0.07/turn              (no ring)
MPRegen  0.08/turn              (no ring)

@: lethally poisoned (2 -> -25)
A: no striking features
a: no special abilities


You were on level 2 of the Dungeon.
You visited 1 branch of the dungeon, and saw 2 of its levels.

You collected 44 gold pieces.

Inventory:

Hand Weapons
 a - a +0 war axe
 c - a +2 dagger of venom (weapon)
Armour
 b - a +0 helmet (worn)
 e - a +0 leather armour
 f - a +0 ring mail (worn)


   Skills:
 + Level 2.1 Fighting
 - Level 3.4 Axes
 - Level 2.0 Throwing
 - Level 3.0 Dodging


You had one spell level left.
You didn't know any spells.
Your spell library was empty.

Dungeon Overview and Level Annotations

Branches:
Dungeon (2/15)

Altars:


Message History

The goblin struggles against the net.
You barely miss the goblin.
The goblin struggles against the net. x2
You catch the helpless goblin completely off-guard!
You hit the goblin.
The goblin is moderately wounded.
The goblin struggles against the net.
The net rips apart, and the goblin comes free!
You closely miss the goblin.
The goblin is moderately wounded.
The goblin hits you but does no damage.
Throw: throwing net
Press: ? - help, Q - select action Shift-Dir - straight line, f/p - goblin
Aim: a goblin, wielding a +0 dagger of venom (moderately wounded, 53% to hit)
You throw a throwing net.
The throwing net barely misses the goblin.
The goblin hits you but does no damage.
You are poisoned.
You closely miss the goblin.
The goblin is moderately wounded.
You feel very sick.
The goblin hits you with a +0 dagger of venom.
You are lethally poisoned!
The goblin hits you but does no damage.
You are more poisoned.
Enter note: :)))))))))))))))))))))))))))
Enter note: Your +2 dagger of venom begins to drip with poison!
c - a +2 dagger of venom (weapon)
You feel very sick.
You aren't carrying any potions.
You closely miss the goblin.
The goblin is moderately wounded.
* * * LOW HITPOINT WARNING * * *
You feel very sick.
The goblin hits you with a +0 dagger of venom.
* * * LOW HITPOINT WARNING * * *
You are more poisoned.
Enter note: nope, goblin >>>>>>>>>>>>>>>>>>>>>>>>>>> HuGl level 2
Enter note: didn't even scratch him Are you sure you want to abandon this character and quit the game? (Confirm with "yes".)

##..#........##
.#............#
..............######
#.............##(..#
#.....<.......##...#
#.#...........##...
###†.†.....# #..
##.†......###g#
#..........##@##.#
##................#
#..............####
#...........#..#
#.................#
...##.........####..#
.#...#.......... #.#
.#.......######.. ...
#...##### .. ..


You could see a goblin.

Vanquished Creatures
  2 goblins (D:1)
  A hobgoblin (D:2)
  A kobold (D:2)
  A ball python (D:2)
  A rat (D:2)
6 creatures vanquished.

Notes
Turn   | Place    | Note
-------+----------+-------------------------------------------
     0 | D:1      | Leszczynek the Human Gladiator began the quest for the Orb.
     0 | D:1      | Reached XP level 1. HP: 16/16 MP: 1/1
    99 | D:2      | Reached XP level 2. HP: 16/22 MP: 2/2
   106 | D:2      | :)))))))))))))))))))))))))))
   107 | D:2      | HP: 3/22 [poisoned by a goblin]
   108 | D:2      | nope, goblin >>>>>>>>>>>>>>>>>>>>>>>>>>> HuGl level 2
   108 | D:2      | didn't even scratch him
   108 | D:2      | Quit the game

Illustrated notes

##..#........##
.#............#
..............######
#.............##(..#
#.....<.......##...#
#.#...........##...
###†.†.....# #..
##.†......###g#
#..........##@##.#
##................#
#..............####
#...........#..#
#.................#
...##.........####..#
.#...#.......... #.#
.#.......######.. ...
#...##### .. ..


Turn 106 on D:2: :))))))))))))))))))))))))))) ##..#........## .#............#
..............###### #.............##(..# #.....<.......##...#
#.#...........##... ###†.†.....# #.. ##.†......###g# #..........##@##.#
##................# #..............#### #...........#..# #.................#
...##.........####..# .#...#.......... #.# .#.......######.. ... #...##### .. ..
Turn 108 on D:2: nope, goblin >>>>>>>>>>>>>>>>>>>>>>>>>>> HuGl level 2

Levels and vault maps discovered:
D:1:      ldierk_walled_garden, layout_basic, basic_ecumenical_altar,
          hangedman_decor_growths
D:2:      layout_rooms, basic_altar, uniq_sigmund

Action                   || total
-------------------------++-------
Melee: War axe           ||    19
       Dagger            ||     1
Throw: Throwing net      ||     3
 Stab: Held in net/web   ||     1
Armor: Ring mail         ||     5
Dodge: Dodged            ||    17

Table legend: (Time is in decaauts)
 A = Elapsed time spent in this place.
 B = Non-inter-level travel time spent in this place.
 C = Inter-level travel time spent in this place.
 D = Time resting spent in this place.
 E = Time spent auto-exploring this place.
 F = Levels seen in this place.
 G = Mean time per level.
                   A        B        C        D        E       F      G
               +--------+--------+--------+--------+--------+-----+--------+
         Total |    113 |     99 |     14 |      0 |      0 |   2 |   56.5 |
       Dungeon |    113 |     99 |     14 |      0 |      0 |   2 |   56.5 |
               +--------+--------+--------+--------+--------+-----+--------+

Top non-repeatable levels by time:
     D:1: 72 daAuts
     D:2: 40 daAuts
